Shakira, lawful female dwarven Valkyrie ------- |...|.| % |.|.|.| % |.|...| ( ` |.---.| | [ % [ ) [% [ |<..|.|}------ |.|.|.|}}}}}}| %!%%[%%?% ?% ******* [[[[[[[ |.|.|.|.....}| [%%[!%!%% % ! ******* ) [[[[[[[ / ( |--.|.|.....}| % ! |...|.|....f.+ [ % [[[? ? % ( |.-----.....}| [ |.|.........}| (%%![(%%% % %%%%%%% ))))))) % |.|.---.}}}}}| %/[[[%%%% ! %%%%% % $ ))))))) |...|.|.------ |.--|.|.| ` ? ! ! |...|.|.| |--.|.|.-------} % % % % % |.....|[.../...} % ---------------- Shakira the Woman-at-arms Experience level: 13 Strength: 18/01 Dexterity: 16 Constitution: 20 Intelligence: 8 Wisdom: 13 Charisma: 6 Health: 135(135) Energy: 34(34) Def: 24 Gold: 7325 Moves: 29057 Dungeon seed: _wYZjQMDt4wTmP7Y Game ID: Shakira_1482492651 Your Inventory: Coins $ - 7325 gold pieces Amulets t - an uncursed amulet of reflection (being worn) Weapons a - the blessed rustproof +2 Excalibur u - the blessed rustproof +5 Mjollnir (weapon in hand) Armor e - an uncursed +0 pair of high boots (being worn) q - an uncursed +0 cloak of invisibility (being worn) r - an uncursed +0 helmet (being worn) z - an uncursed rotted +4 small shield (being worn) E - a blessed +4 pair of leather gloves (being worn) N - a blessed +1 banded mail (being worn) Comestibles b - 7 uncursed C-rations P - 8 uncursed K-rations Scrolls i - an uncursed scroll of identify l - a blessed scroll of teleportation Z - 3 uncursed scrolls of teleportation Potions c - an uncursed potion of water D - an uncursed potion of extra healing F - 2 blessed potions of healing O - an uncursed potion of full healing T - a blessed potion of speed Rings v - an uncursed ring of stealth y - an uncursed ring of warning (on right hand) J - an uncursed ring of searching R - an uncursed ring of slow digestion (on left hand) Wands d - a wand of magic missile (0:2) m - a wand of magic missile (0:6) I - a wand of sleep (0:5) X - a wand of teleportation (0:4) Tools g - an uncursed magic whistle o - a +0 pick-axe w - an uncursed blindfold x - an uncursed mirror A - an uncursed skeleton key C - a +0 unicorn horn H - an uncursed bugle Gems n - an uncursed luckstone Spells and supernatural/magical abilities: Name Level Category Fail Memory W - pray for help -- divine ? -- Your skills at the end: Fighting Skills Weapon Skills dagger [Basic] long sword [Expert] hammer [Expert] Spellcasting Skills Final Attributes: You were piously aligned. You were cold resistant. You were poison resistant. You were warned. You had infravision. You were invisible. You were stealthy. You had slower digestion. You were protected. You were fast. You had reflection. You were very lucky. You had extra luck. Bad luck did not time out for you. Good luck did not time out for you. You are dead. Vanquished creatures: Medusa 2 storm giants a white dragon a jabberwock 3 stone golems 2 titanotheres a trapper a baby yellow dragon 2 vampire lords 4 captains 7 water trolls 3 nurses 2 lurkers above an ettin 6 black puddings a ghost 2 lieutenants 4 giant mimics a zruty 2 fire giants 2 ogre kings 3 rock trolls 2 umber hulks a flesh golem 4 large mimics 2 wumpuses 4 long worms a stalker 2 fire elementals a hill giant 3 giant mummies a black naga 2 xorns a giant zombie 2 elf-lords 4 sergeants 4 wargs a winter wolf 2 small mimics 2 xans an ettin mummy 3 ogre lords 2 quantum mechanics 3 trolls a wood golem 4 sharks 3 gelatinous cubes 2 pyrolisks 5 large dogs 2 freezing spheres a flaming sphere a large cat a tiger 3 gargoyles 2 tengu an ochre jelly a leocrotta an energy vortex 3 mountain centaurs 2 elf mummies a red naga 3 pit vipers a python a cobra 2 wraiths a carnivorous ape 2 ettin zombies 4 Grey-elves 19 soldiers a succubus 2 chameleons a crocodile 4 giant beetles a quivering blob 2 cockatrices a wolf 7 winter wolf cubs a lynx 4 panthers 25 gremlins a spotted jelly 16 leprechauns an orc-captain 2 iron piercers a mumak 3 giant spiders 3 scorpions 2 horses 2 ice vortices a black light a vampire bat 4 forest centaurs 5 gnome kings 3 orc mummies 8 brown puddings 4 rust monsters 5 owlbears 5 yetis a werewolf a Green-elf 4 giant eels 8 lizards 2 dingos 2 housecats 2 blue jellies 2 gray unicorns 6 dust vortices 3 ravens 4 plains centaurs a snake 3 apes 4 soldier ants 16 fire ants 14 bugbears 2 imps a quasit a wood nymph 3 water nymphs a mountain nymph 3 Mordor orcs 2 Uruk-hai 6 orc shamans a rock piercer 6 rock moles 3 ponies 6 fog clouds 7 yellow lights 4 shriekers 6 violet fungi 6 gnome lords 2 gnomish wizards 2 kobold mummies 2 red naga hatchlings 2 black naga hatchlings a golden naga hatchling a guardian naga hatchling 2 gray oozes 4 barrow wights 2 elf zombies 4 straw golems 3 paper golems a jellyfish 15 giant ants 2 little dogs 3 floating eyes a kitten 4 dwarves a homunculus 3 kobold lords 3 kobold shamans 7 hill orcs 6 rothes 2 rabid rats 4 centipedes 6 giant bats 6 orc zombies a dwarf zombie 3 werejackals 4 iguanas 19 killer bees 4 acid blobs 6 coyotes a gas spore 7 manes 16 hobgoblins 3 giant rats 8 cave spiders 3 brown molds 4 yellow molds 7 green molds 3 red molds 29 gnomes 2 garter snakes 4 gnome zombies 13 geckos 7 jackals 6 foxes 6 kobolds 5 goblins 8 sewer rats 13 grid bugs 2 bats 9 lichens 2 kobold zombies 12 newts 710 creatures vanquished. Voluntary challenges: You had followed a strict vegan diet until turn 3715. You had followed a strict vegetarian diet until turn 3715. You had been an atheist until turn 5308. You used a wielded weapon 1021 times, starting on turn 18. You read items or engraved 33 times, starting on turn 4057. You never genocided any monsters. You never polymorphed an object. You never changed form. You used no wishes. You split 12 puddings, starting on turn 7452. You never wrote Elbereth's name. You violated your moral code, losing 85 points of alignment, starting on turn 10344. Dungeon overview: The Dungeons of Doom: levels 1 to 27 Level 1 a long staircase Level 2 a fountain Level 3 a general store, a fountain Level 4 a general store stairs to The Gnomish Mines Level 5 Level 6 a fountain Level 7 some fountains Level 8 an altar to Loki, a fountain stairs to Sokoban Level 9 a sink Level 10 some altars to Loki, some fountains, a sink Level 11 a fountain Level 12 a temple to Loki Level 13 a fountain portal to The Quest Level 14 a sink Level 15 Level 16 a temple to Tyr Level 17 Level 18 Level 19 a fountain Level 20 a fountain Level 21 Level 22 Level 23 Level 24 Level 25 a temple to Tyr Level 26 Level 27 <- You were here The Gnomish Mines: levels 5 to 13 Level 5 stairs to The Dungeons of Doom Level 6 Level 7 many shops, a temple to Tyr, some fountains Level 8 Level 9 Level 10 Level 11 Level 12 Level 13 The Quest: Level 1 a fountain portal to The Dungeons of Doom Sokoban: levels 4 to 7 Level 4 Level 5 Level 6 Level 7 stairs to The Dungeons of Doom History has recorded: On T:1 you entered the Dungeons of Doom to retrieve the Amulet of Yendor! On T:209 you reached level 2 of The Dungeons of Doom. On T:630 you advanced to experience level 2. On T:712 you reached level 3 of The Dungeons of Doom. On T:1008 you advanced to experience level 3. On T:1228 you reached level 4 of The Dungeons of Doom. On T:1433 you advanced to experience level 4. On T:1600 you reached level 5 of The Dungeons of Doom. On T:2074 you reached level 6 of The Dungeons of Doom. On T:2253 you advanced to experience level 5. On T:2721 you reached level 7 of The Dungeons of Doom. On T:3238 you advanced to experience level 6. On T:4187 you reached level 1 of The Gnomish Mines. On T:5086 you reached level 2 of The Gnomish Mines. On T:5551 you advanced to experience level 7. On T:5855 you reached level 3 of The Gnomish Mines. On T:6115 you received Mjollnir from Tyr. On T:6208 you reached level 4 of The Gnomish Mines. On T:6414 you reached level 5 of The Gnomish Mines. On T:6709 you reached level 6 of The Gnomish Mines. On T:6771 you advanced to experience level 8. On T:6879 you reached level 7 of The Gnomish Mines. On T:7132 you reached level 8 of The Gnomish Mines. On T:7285 you reached level 9 of The Gnomish Mines. On T:7859 you advanced to experience level 9. On T:9582 you reached level 8 of The Dungeons of Doom. On T:10038 you reached level 4 of Sokoban. On T:10593 you reached level 9 of The Dungeons of Doom. On T:10980 you advanced to experience level 9. On T:11056 you reached level 10 of The Dungeons of Doom. On T:11558 you reached level 3 of Sokoban. On T:12728 you reached level 2 of Sokoban. On T:13338 you reached level 1 of Sokoban. On T:14662 you reached level 11 of The Dungeons of Doom. On T:14960 you reached level 12 of The Dungeons of Doom. On T:15186 you reached level 13 of The Dungeons of Doom. On T:15748 you reached level 1 of The Quest. On T:15970 you reached level 14 of The Dungeons of Doom. On T:16364 you reached level 15 of The Dungeons of Doom. On T:16644 you reached level 16 of The Dungeons of Doom. On T:17303 you reached level 17 of The Dungeons of Doom. On T:18453 you reached level 18 of The Dungeons of Doom. On T:19021 you reached level 19 of The Dungeons of Doom. On T:19174 you advanced to experience level 12. On T:19556 you reached level 20 of The Dungeons of Doom. On T:20003 you reached level 21 of The Dungeons of Doom. On T:20407 you reached level 22 of The Dungeons of Doom. On T:20967 you reached level 23 of The Dungeons of Doom. On T:21021 you advanced to experience level 13. On T:21507 you killed Medusa on level 23 of The Dungeons of Doom. On T:21553 you reached level 24 of The Dungeons of Doom. On T:22804 you reached level 25 of The Dungeons of Doom. On T:23754 you reached level 26 of The Dungeons of Doom. On T:23971 you reached The Castle. Score breakdown: Gold: 7325 (13146 points) Experience: 13 levels (19298 points) Exploration: 27 levels ( 57.45%) (22554 points) Discoveries: 47 items ( 19.11%) (13113 points) Valuables value: (no points given unless you survive) Artifact value: 8000 (13277 points) Variety of kills: 185 monsters ( 48.56%) (20904 points) Turncount: 29057 turns (-3954 points) Survival: died (score multiplied by 80%) Total score: 78670 Latest messages: You extract a strange sound from the bugle! You hear 1 gear turn. You extract a strange sound from the bugle! You hear water falling on coins. Oof! You walk into something hard. You extract a strange sound from the bugle! You hear 2 gears turn. You extract a strange sound from the bugle! You see a drawbridge coming down! You are crushed underneath the drawbridge. Final status: Farvel Shakira the Valkyrie, crushed to death by a falling drawbridge... You were crushed in The Dungeons of Doom on dungeon level 27 with 78670 points, and 7325 pieces of gold, after 29057 moves. You were level 13 with a maximum of 135 hit points when you were crushed.